AoeStats
← ccereal

Arena

509958534Analyzed
2v2 RM · 4d ago on Sep 28, 2026· 44m 30s· 4 players
Game mode
Random Map
Map size
Medium (4 player)
Population
200
Speed
Normal
Resources
Standard
Victory
Conquest
Starting age
Dark Age
Ending age
Imperial Age
RankedLock teamsTeams togetherTeam positionsShared explorationLock speedFull tech treeHidden civsTurbo modeCheats
Victory
Defeat
🇺🇸 Bohemians · United States
1637
+12
🇺🇸 Khmer · United States
1626
+12
🇫🇷 Britons · France
1595
-14
🇫🇷 Gurjaras · France
1493
-10
ccereal
8:43 Feudal Age
7:56 Loom
11:16 Fletching
13:10 Padded Archer Armor
17:50 Wheelbarrow
21:44 Castle Age
20:03 Horse Collar
21:00 Gold Mining
20:58 Double-Bit Axe
21:47 Crossbowman
22:42 Bodkin Arrow
26:02 Leather Archer Armor
34:54 Imperial Age
32:41 Town Watch
33:50 Ballistics
34:14 Hand Cart
34:53 Heavy Plow
35:42 Bracer
36:27 Yeomen
36:02 Arbalester
38:40 Chemistry
40:42 Murder Holes
40:57 Masonry
43:00 Ring Archer Armor
Flybidi
10:12 Feudal Age
13:53 Castle Age
14:37 Double-Bit Axe
17:38 Loom
32:56 Wheelbarrow
37:47 Bow Saw
38:59 Horse Collar
43:21 Imperial Age
41:56 Scale Barding Armor
42:21 Bloodlines
42:30 Forging
44:07 Chain Barding Armor
[SP4RT] roboticoperatingbuddyste
8:16 Feudal Age
9:38 Loom
15:55 Double-Bit Axe
17:06 Fletching
19:10 Padded Archer Armor
25:03 Castle Age
23:12 Horse Collar
24:43 Gold Mining
25:50 Bloodlines
26:06 Bow Saw
25:56 Bodkin Arrow
28:22 Wheelbarrow
29:16 Heavy Plow
34:48 Imperial Age
32:58 Scale Barding Armor
32:51 Stone Mining
33:13 Husbandry
34:31 Chain Barding Armor
36:15 Plate Barding Armor
36:21 Forging
37:28 Elite Battle Elephant
38:53 Iron Casting
42:53 Gold Shaft Mining
43:32 Blast Furnace
44:51 Double Crossbow
44:53 Tusk Swords
Barchy111
10:03 Feudal Age
14:33 Castle Age
13:38 Double-Bit Axe
15:25 Bow Saw
16:08 Horse Collar
16:33 Loom
36:59 Wheelbarrow
47:21 Imperial Age
Connection lost

Rejoining the realm…

Still unreachable

The connection could not be restored.

Session expired

The server has moved on; the page needs a fresh start.